 Dungeon Crawl Stone Soup version 0.20.0-15-g7f486f2 (webtiles) character file.

29 Kosschaser the Sneak (level 3, -2/25 HPs)
             Began as a Merfolk Enchanter on June 9, 2017.
             Slain by a gnoll
             ... wielding a +0 spear
              (5 damage)
             ... on level 2 of the Dungeon.
             The game lasted 00:03:56 (1652 turns).

Kosschaser the Sneak (Merfolk Enchanter)            Turns: 1652, Time: 00:03:57

Health: -2/25      AC:  6    Str:  8    XL:     3   Next: 16%
Magic:  3/6        EV: 13    Int: 14    God:
Gold:   43         SH:  0    Dex: 15    Spells: 3/6 levels left

rFire    . . .     SeeInvis .   j - +2 dagger (drain)
rCold    . . .     Gourm    .   (no shield)
rNeg     . . .     Faith    .   h - +2 leather armour {rPois}
rPois    +         Spirit   .   (no helmet)
rElec    .         Reflect  .   (no cloak)
rCorr    .         Harm     .   (no gloves)
MR       .....                  g - +0 pair of boots (curse)
Stlth    ++........             (no amulet)
Regen    0.1/turn               (no ring)
MPRegen  0.1/turn               (no ring)

@: no status effects
A: change form in water, swift swim, stealthy swim
a: no special abilities


You were on level 2 of the Dungeon.
You were hungry.

You visited 1 branch of the dungeon, and saw 2 of its levels.

You collected 43 gold pieces.

Inventory:

Hand Weapons
 a - a +1 dagger
 j - a +2 dagger of draining (weapon)
Armour
 b - a +0 robe
 g - a cursed +0 pair of boots (worn)
 h - a +2 leather armour of poison resistance (worn)
Scrolls
 i - a scroll of noise
Potions
 e - a potion of invisibility {unknown}
 m - a potion of heal wounds {unknown}
 n - a potion of haste {unknown}
Books
 c - a book of Maledictions

   Spells                             Type                      Level
   a - Corona                         Hexes                        1
   b - Ensorcelled Hibernation        Hexes/Ice                    2
   c - Confuse                        Hexes                        3
   d - Tukima's Dance                 Hexes                        3
   e - Dazzling Spray                 Conjuration/Hexes            3
Comestibles
 d - a bread ration
 p - a meat ration


   Skills:
 + Level 0.7 Fighting
 + Level 1.7 Short Blades
 + Level 3.1 Dodging
 + Level 3.7 Stealth
 + Level 2.1 Spellcasting
 + Level 3.2 Hexes


You had 3 spell levels left.
You knew the following spells:

 Your Spells              Type           Power        Failure   Level  Hunger
a - Corona                Hex            ##.....      9%          1    #......
b - Ensorcelled Hibernat  Hex/Ice        #.....       26%         2    ###....


Dungeon Overview and Level Annotations

Branches:
Dungeon (2/15)

Altars:
Elyvilon
Yredelemnul


Message History

Found a leather armour.
Your magical contamination has completely faded away.
Found 10 gold pieces.
As you read the scroll labeled TODAUMA EC CAOGG, it crumbles to dust.
It is a scroll of identify.
i - a scroll of noise The kobold hits you.
As you read the scroll labeled VUWASO DOYSCH, it crumbles to dust.
The scroll dissolves into smoke.
It was a scroll of fog.
The gnoll hits you from afar with a spear.
* * * LOW HITPOINT WARNING * * *
The kobold barely misses you.
As you read the scroll labeled TOEMUMONT, it crumbles to dust.
You assume a fearsome visage.
The gnoll looks frightened!
The kobold looks frightened! x2; It was a scroll of fear.
As you read the scroll labeled QYIBAGHEVAD, it crumbles to dust.
You feel aware of your surroundings.
You sensed 1 altar.
It was a scroll of magic mapping.
The gnoll hits you from afar with a spear.
You die...

.)...........#.#...####.#
.#############...#..#*#(#*
...#### ###.####*...* _.g...###
#.# *.§.* ##......# #.# *,§§#
######g.# #.# *,,,* ..*
#..##############..,****** #.#
#........§##§§§§..^,,,,,,** *.#
##..##.g§g§@§§§§...,,,,,,,* *,#*
##......###§§§§...,,,,,,,* *,,**
###....# *#####..,*****,* **,,*
##...# *,,,* *,* ,,*,* #...#**
*,,,* *,* ,,*,** #.....** *,,,*
*,* ,,*,,*****#...#..#****,,,**
*,*
,,,,,,,,,,.........,,,,,,,****,*
,,**,,****#...##...,,,,,,,,,,,,*


You could see a gnoll.

Vanquished Creatures
  A dart slug (D:2)
  2 giant cockroaches (D:1)
  3 goblins
  A hobgoblin (D:2)
  5 jackals (D:1)
  5 bats
  2 frilled lizards
  3 kobolds
  3 rats (D:1)
25 creatures vanquished.

Vanquished Creatures (others)
  A giant cockroach (D:2)
  A rat (D:2)
2 creatures vanquished.

Grand Total: 27 creatures vanquished

Notes
Turn   | Place    | Note
-------+----------+-------------------------------------------
     0 | D:1      | Kosschaser the Merfolk Enchanter began the quest for the Orb.
     0 | D:1      | Reached XP level 1. HP: 13/13 MP: 3/3
   194 | D:1      | Reached XP level 2. HP: 5/19 MP: 3/5
   219 | D:1      | Learned a level 2 spell: Ensorcelled Hibernation
   755 | D:1      | Found a white marble altar of Elyvilon.
  1317 | D:2      | Reached XP level 3. HP: 12/25 MP: 1/6
  1510 | D:2      | Found a basalt altar of Yredelemnul.
  1652 | D:2      | Slain by a gnoll

Skill      XL: |  1  2 |
---------------+-------+-----
Dodging        | 3 |  3.1
Fighting       | |  0.7
Short Blades   | |  1.7
Stealth        | |  3.7
Spellcasting   | |  2.1
Hexes          | |  3.2

Action                   || total
-------------------------++-------
Melee: Dagger            ||    94
 Cast: Corona            ||     1
       Ensorcelled Hiber ||     4
  Use: Scroll            ||     4
 Stab: Sleeping          ||     2
  Eat: Chunk             ||     2
Armor: Robe              ||     8
       Leather armour    ||    25
Dodge: Dodged            ||    66
